 Dungeon Crawl Stone Soup version 0.28.0-53-g5a82cb258f (webtiles) character file.

Game seed: 11814454232111923651

205 Woods the Magician (level 5, -1/28 HPs)
             Began as a Deep Elf Fire Elementalist on May 21, 2022.
             Killed by nerve-wracking pain
             ... invoked by Grinder
              (14 damage)
             ... on level 2 of the Dungeon.
             The game lasted 00:04:11 (2510 turns).

Woods the Magician (Deep Elf Fire Elementalist)     Turns: 2510, Time: 00:04:12

Health: -1/28      AC:  2    Str:  5    XL:     5   Next: 53%
Magic:  13/13      EV: 13    Int: 22    God:
Gold:   125        SH:  0    Dex: 15    Spells: 9/12 levels left

rFire   . . .      SeeInvis .   (no weapon)
rCold   . . .      Faith    .   (no shield)
rNeg    . . .      Spirit   .   a - +0 robe
rPois   .          Reflect  .   (no helmet)
rElec   .          Harm     .   (no cloak)
rCorr   .          Rampage  .   (no gloves)
Will    .....                   (no boots)
Stlth   +++.......              (no amulet)
HPRegen 0.09/turn               (no ring)
MPRegen 0.13/turn               (no ring)

@: no status effects
A: no striking features
a: no special abilities


You were on level 2 of the Dungeon.
You visited 1 branch of the dungeon, and saw 3 of its levels.

You collected 125 gold pieces.

Inventory:

Armour
 a - a +0 robe (worn)
Jewellery
 l - a ring of willpower
 o - an amulet of magic regeneration
Wands
 m - a wand of acid (8)
Scrolls
 b - 2 scrolls of fear
 d - a scroll of enchant weapon {unknown}
 g - a scroll of teleportation {unknown}
 i - a scroll of enchant armour {unknown}
 k - 3 scrolls of identify
Potions
 c - a potion of magic {unknown}
 e - 2 potions of invisibility {unknown}
 f - a potion of heal wounds {unknown}
 h - 3 potions of curing {unknown}
 j - a potion of mutation {unknown}
 n - a potion of flight {unknown}


   Skills:
 + Level 3.8 Dodging
 + Level 4.0 Stealth
 + Level 4.4 Spellcasting
 + Level 2.7 Conjurations
 + Level 4.2 Fire Magic


You had 9 spell levels left.
You knew the following spells:

 Your Spells              Type           Power      Damage    Failure   Level
a - Foxfire               Conj/Fire      80%        2x1d8     2%          1
b - Scorch                Fire           46%        2d7       2%          2

Your spell library contained the following spells:

 Spells                   Type           Power      Damage    Failure   Level
 Magic Dart               Conj           64%        1d6       3%          1
 Conjure Flame            Conj/Fire      20%        6-21      8%          3
 Inner Flame              Hex/Fire       14%        N/A       14%         3
 Call Imp                 Summ           4%         N/A       16%         2
 Mephitic Cloud           Conj/Pois/Air  8%         N/A       22%         3
 Flame Wave               Conj/Fire      20%        2d7       26%         4


Dungeon Overview and Level Annotations

Branches:
Dungeon (3/15)

Altars:
Gozag
Makhleb

Annotations:
D:2 Grinder


Message History

Casting: Scorch (safe; 2% risk of failure)
Confirm with . or Enter, or press ? or * to list all spells.
Flames lash the ufetubus.
The ufetubus is burned terribly!
You kill the ufetubus!
Found a stone staircase leading up.
k - 4 scrolls labelled LAKHE VATEOM (gained 1)
o - an amulet of magic regeneration Grinder comes into view.
Grinder shouts!
You hear a shout!
Grinder is nearby!
Grinder is nearby!
Grinder gestures at you.
You suddenly lose the ability to move!
You can move again.
Grinder blinks!
There is a stone staircase leading up here.
Grinder hits you.
You writhe in agony.
You climb upwards.
There is a stone staircase leading down here.
Grinder says, "DUCK!"
Grinder blinks!
Grinder barely misses you. Grinder gestures at you.
Pain shoots through your body!
There is a large open door here.
Why would you want to do that?
Grinder blinks!
There is a large open door here.
Casting: Scorch (safe; 2% risk of failure)
Confirm with . or Enter, or press ? or * to list all spells.
Okay, then.
You close the large door.
Something unseen opens the large door.
As you read the scroll labelled LAKHE VATEOM, it crumbles to dust.
It is a scroll of identify.
b - 2 scrolls of fear Grinder gestures at you.
Pain shoots through your body!
Ouch! That really hurt!
You die...

######### #.......#
###########.......#
#.................#
#.................# ##
#.................# ## .#
#.................# #.
.#########.................#####.
............5...@........>.'.....
.#######..#######..........#####.
.# ####'+#### #..........# #. .#
##≈≈≈..≈≈≈## #.....###### #.
.###≈≈≈≈.5≈≈≈≈######### #.
.##≈≈≈≈≈..≈≈≈≈≈## #.
##≈≈≈≈≈≈..≈≈≈≈≈≈## #.
#≈≈≈≈≈≈≈..≈≈≈≈≈≈≈## #.
≈≈≈≈≈≈≈≈..≈≈≈≈≈≈≈≈# #.


You could see Grinder.

Vanquished Creatures
  Jessica (D:2)
  Natasha (twice) (D:3)
  Ijyb (D:3)
  3 adders (D:2)
  An ufetubus (D:3)
  A worm (D:2)
  A dart slug (D:2)
  5 endoplasms
  3 giant cockroaches
  8 goblins
  6 hobgoblins
  7 jackals
  A quokka (D:3)
  2 ball pythons
  8 bats
  3 frilled lizards
  6 kobolds
  8 rats
67 creatures vanquished.

Vanquished Creatures (collateral kills)
  A foxfire (D:1)
1 creature vanquished.

Vanquished Creatures (others)
  138 foxfires
138 creatures vanquished.

Grand Total: 206 creatures vanquished

Notes
Turn   | Place    | Note
-------+----------+-------------------------------------------
     0 | D:1      | Woods the Deep Elf Fire Elementalist began the quest for
                  | the Orb.
     0 | D:1      | Reached XP level 1. HP: 10/10 MP: 6/6
   135 | D:1      | Reached XP level 2. HP: 15/15 MP: 4/8
   830 | D:1      | Learned a level 2 spell: Scorch
   852 | D:2      | Reached XP level 3. HP: 19/19 MP: 4/9
  1259 | D:2      | Noticed Jessica
  1264 | D:2      | Killed Jessica
  1265 | D:2      | Reached XP level 4. HP: 24/24 MP: 6/11
  1526 | D:2      | Found a faded altar of an unknown god.
  1712 | D:2      | Found a burning altar of Makhleb.
  1931 | D:3      | Noticed Ijyb
  1942 | D:3      | Killed Ijyb
  2002 | D:3      | Reached XP level 5. HP: 28/28 MP: 4/13
  2013 | D:3      | Noticed Natasha
  2130 | D:3      | Killed Natasha
  2254 | D:3      | Found an opulent altar of Gozag.
  2324 | D:3      | Noticed Natasha
  2328 | D:3      | Killed Natasha
  2467 | D:3      | Noticed Grinder
  2469 | D:3      | Paralysed by Grinder for 2 turns
  2510 | D:2      | Killed from afar by Grinder

Illustrated notes

Levels and vault maps discovered:
D:1:      giann_bridges, layout_rooms
D:2:      kennysheep_big_flooded_room, layout_basic, basic_altar,
          ebering_ecumenical_altar_ruins, uniq_jessica
D:3:      layout_rooms, general_overflow_altar, minmay_misc_feat_chi,
          uniq_grinder, uniq_natasha, uniq_robin, uniq_ijyb

Skill      XL: |  1  2  3  4  5 |
---------------+----------------+-----
Stealth        | 3 4 |  4.0
Dodging        | 3 |  3.8
Conjurations   | 2 |  2.7
Spellcasting   | 4 |  4.4
Fire Magic     | 4 |  4.2

Action                   |  1- 3 |  4- 6 || total
-------------------------+-------+-------++-------
Melee: Unarmed           |     2 |       ||     2
 Cast: Foxfire           |    59 |    28 ||    87
       Scorch            |     9 |    20 ||    29
  Use: Scroll            |       |     1 ||     1
Armor: Robe              |    10 |     4 ||    14
Dodge: Dodged            |    18 |    10 ||    28
